 Dungeon Crawl Stone Soup version 0.20.0-8-g6b59dc7 (webtiles) character file.

371236 Monsterracer the Bludgeoner (level 22, -4/226 HPs)
             Began as a Gargoyle Fighter on June 2, 2017.
             Was a High Priest of Okawaru.
             Slain by braks's ghost (22 damage)
             ... on level 5 of the Vaults.
             The game lasted 01:53:11 (44584 turns).

Monsterracer the Bludgeoner (Gargoyle Fighter)     Turns: 44584, Time: 01:53:12

Health: -4/226     AC: 38    Str: 32    XL:     22   Next: 67%
Magic:  4/9        EV: 23    Int:  9    God:    Okawaru [*****.]
Gold:   1640       SH:  0    Dex: 13    Spells: 11/21 levels left

rFire    + + +     SeeInvis +   c - +4 great mace "Zauss" {antimagic, rPois MR+}
rCold    . . .     Gourm    .   (shield currently unavailable)
rNeg     + . .     Faith    +   P - +6 scale mail of Parts Unknown {rCorr Str+4 Stlth+}
rPois    ∞         Spirit   .   A - +2 helmet {SInv}
rElec    +         Reflect  .   M - +0 cloak
rCorr    +         Harm     .   t - +2 pair of gloves
MR       +....     Rnd*Rage +   u - +2 pair of boots "Erruowat" {rF+++ Regen+ Dex-3}
Stlth    ..........             k - amulet of faith
Regen    0.9/turn               y - +2 ring of protection
MPRegen  0.2/turn               s - ring of see invisible

@: mighty, berserking, vulnerable, heroism, corroded, flying, very quick
A: big wings, molten scales 1, rugged brown scales 1, berserk 1, negative energy
resistance 1, sense surroundings 1, electricity resistance, unbreathing,
petrification resistance, rot immunity, subdued magic 1, AC +16
}: 2/15 runes: decaying, serpentine
a: Stop Flying, Heroism, Finesse, Renounce Religion


You were on level 5 of the Vaults.
You worshipped Okawaru.
Okawaru was extremely pleased with you.
You were very hungry.

You visited 6 branches of the dungeon, and saw 36 of its levels.
You visited 1 bazaar.
You also visited: Sewer.

You collected 3568 gold pieces.
You spent 1928 gold pieces at shops.

Inventory:

Hand Weapons
 c - the +4 great mace "Zauss" (weapon) {antimagic, rPois MR+}
   (You found it on level 1 of the Snake Pit)

   It reduces the magical energy of the wielder, and disrupts the spells and
   magical abilities of those hit.
   Natural abilities and divine invocations are not affected.
   It protects you from poison.
   It affects your resistance to hostile enchantments.
 G - the +8 morningstar of Okawaru's Supremacy {antimagic, rC+++ MR- MP+9 Str-3}
   (Okawaru gifted it to you on level 2 of the Orcish Mines)

   It reduces the magical energy of the wielder, and disrupts the spells and
   magical abilities of those hit.
   Natural abilities and divine invocations are not affected.
   It affects your strength (-3).
   It renders you almost immune to cold.
   It affects your resistance to hostile enchantments.
   It affects your magic capacity (+9).
 K - a +8 demon whip of flaming
Armour
 b - a +0 large shield
 m - a +1 pair of gloves of strength
 p - a +0 pair of boots of running
 t - a +2 pair of gloves (worn)
 u - the +2 pair of boots "Erruowat" (worn) {rF+++ Regen+ Dex-3}
   (Okawaru gifted it to you on level 6 of the Lair of Beasts)

   It affects your dexterity (-3).
   It renders you almost immune to fire.
   It increases your rate of regeneration.
 A - a +2 helmet of see invisible (worn)
 L - a +0 crystal plate armour
 M - a +0 cloak (worn)
 P - the +6 scale mail of Parts Unknown (worn) {rCorr Str+4 Stlth+}
   (You found it on level 4 of the Vaults)

   It affects your strength (+4).
   It protects you from acid and corrosion.
   It makes you more stealthy.
Jewellery
 k - an amulet of faith (around neck)
 s - a ring of see invisible (right hand)
 y - a +2 ring of protection (left hand)
 D - an uncursed amulet of regeneration
Wands
 z - a wand of clouds (1/9)
 I - a wand of digging (9/24)
 J - a wand of digging (19/24)
 Q - a wand of digging (11/24)
Scrolls
 a - 2 scrolls of fog
 e - 9 scrolls of identify
 i - 8 scrolls of remove curse
 l - 7 scrolls of teleportation
 v - 6 scrolls of fear
 B - a scroll of magic mapping
 C - 3 scrolls of blinking
 F - 2 scrolls of torment
Potions
 d - 6 potions of might
 g - 4 potions of haste
 j - 11 potions of agility
 o - a potion of heal wounds
 q - 18 potions of curing
 r - 2 potions of cancellation
 w - a potion of magic
 x - 2 potions of resistance
 E - 3 potions of mutation
Comestibles
 f - 13 bread rations
 h - 18 meat rations
 n - 16 royal jellies
 H - 38 fruits


   Skills:
 + Level 18.1(23.1) Fighting
 + Level 19.9(24.9) Maces & Flails
 + Level 18.8(23.8) Armour
 + Level 14.8(19.8) Dodging
 - Level 16.2(21.2) Shields
 - Level 8.0 Invocations


You had 11 spell levels left.
You knew the following spells:

 Your Spells              Type           Power        Failure   Level  Hunger
a - Apportation           Tloc           #.....       45%         1    ##.....
b - Summon Butterflies    Summ           #.......     45%         1    ##.....
c - Controlled Blink      Tloc           N/A          100%        8    #######


Dungeon Overview and Level Annotations

Branches:
Dungeon (15/15)            Temple (0/1) D:7            Lair (6/6) D:10
  Swamp (4/4) Lair:3        Snake (4/4) Lair:4        Slime (0/5) Lair:5
    Orc (2/2) D:10            Elf (0/3) Orc:2        Vaults (5/5) D:13
  Crypt (0/3) Vaults:2     Depths (0/5) D:15

Altars:
Ashenzari
Dithmenos
Fedhas
Gozag
Kikubaaqudgha
Makhleb
Okawaru
Ru
Trog
Yredelemnul
The Shining One
Beogh
Jiyva

Shops:
D:15 [   Orc:1 :   Orc:2 *}(!   Snake:3 (}   Vaults:1 (*

Annotations:
Lair:1 exclusion: oklob plant
Lair:2 exclusion: 4 oklob plants
Lair:5 1 runed door
Vaults:5 MTVSty1e's ghost, adept GrIE; braks's ghost, veteran GrAK


Innate Abilities, Weirdness & Mutations

You are resistant to torment.
Your stone body is resilient. (AC +16)
You are immune to poison.
Your large and strong wings let you fly indefinitely.
You resist negative energy. (rN+)
You are resistant to electric shocks. (rElec)
You can survive without breathing.
You are immune to petrification.
You are immune to rotting.
You are partially covered in molten scales. (AC +2)
You are partially covered in rugged brown scales. (AC +1, +3% HP)
You tend to lose your temper in combat.
You passively map a small area around you.
Your spells are a little easier to cast, but a little less powerful.


Message History

You barely miss braks's ghost.
Braks's ghost is heavily damaged.
The tormentor says, "I'll crush your bones, one by one."
The deep elf demonologist mumbles some strange words.
The rust devil hits you.
Braks's ghost hits you but does no damage.
You hit braks's ghost.
Braks's ghost is heavily damaged.
The tormentor grins malevolently.
The tormentor calls on the powers of darkness!
The deep elf demonologist convulses!
The ettin convulses!
The hornet convulses!
Your body is wracked with pain!
* * * LOW HITPOINT WARNING * * *
The vault guard convulses!
The hellwing hits you but does no damage.
The hellwing completely misses you.
You closely miss braks's ghost.
Braks's ghost is heavily damaged.
The rust devil misses you. Braks's ghost hits you!!
You die...

*,,#..*,,,*......,,,,,*,,
*,,#..#####.....,,,,,,***
*,,#..........#*+**,,,,,,
*,,#........p.#,,,*,,,,,,
*,,#..........#,,,*,,,,,,
*,,#...1ye....#,,,*,,,,,,
*,,#...2eC.C..#****,,,,,,
*,,#..##W##......,,,,,**+
*,,#.,#)@4#......,,,,,*,,
*,,*,,#..4#,..##'**,,,*,,
*,,*,,#...#,..#,,,*,,,*,,
*,,*,,#####,,.#,,,*,,,***
*,,*,,,,,,,,,.#,,,*,,,,,,
*,,*,,,,,,,,,,*****,,,,,,
*,,,,,,,,,,,,,,,,,,,,,,,,
*,,,,********************
*,,,,,,,,,,,,,,,,,,,,,,,,


You could see a vault guard, an ettin, an Executioner, a deep elf demonologist,
a deep elf knight, a hellwing, a rust devil, a tormentor, a hornet and braks's
ghost.

Vanquished Creatures
  Vashnia (Snake:2)
  Saint Roka (Orc:2)
  Nikola (Vaults:3)
  Jorgrun (Snake:2)
  A tentacled monstrosity (Vaults:5)
  3 titans (Vaults:5)
  Asterion (Snake:4)
  3 tengu reavers (Vaults:5)
  2 shadow dragons (Vaults:5)
  A storm dragon (Vaults:5)
  7 thorn hunters
  10 nagarajas
  2 fire giants
  3 frost giants
  An iron dragon (Vaults:5)
  16 vault wardens
  3 orc warlords
  A deep elf sorcerer (Vaults:5)
  Aizul (Snake:2)
  A ghoul (Vaults:2)
  Louise (Snake:2)
  3 war gargoyles (Vaults:5)
  6 very ugly things
  7 entropy weavers
  12 ironheart preservers
  2 stone giants
  5 dire elephants (Lair:6)
  3 ettins
  3 deep elf death magi
  2 fire dragons
  A great orb of eyes (shapeshifter) (Vaults:2)
  3 great orbs of eyes
  9 ogre magi
  16 naga warriors
  3 ice dragons
  25 vault guards
  4 rakshasas
  28 hydras
  8 yaktaur captains
  A ghost crab (Swamp:4)
  2 catoblepae
  8 centaur warriors
  21 anacondas
  45 two-headed ogres
  2 death knights
  2 dancing weapons (D:13)
  6 alligators
  6 death yaks
  A queen ant (D:12)
  3 tengu warriors
  8 shock serpents
  6 orc high priests
  16 naga sharpshooters
  Sonja (D:15)
  9 deep elf knights
  2 salamander mystics
  5 skeletal warriors
  3 shadow wraiths (Vaults:3)
  An unseen horror (Vaults:1)
  A flayed ghost (Vaults:3)
  An unseen horror (shapeshifter) (Vaults:2)
  7 naga ritualists
  3 deep elf archers (Vaults:1)
  12 swamp dragons (Swamp:4)
  A phantasmal warrior (Vaults:5)
  An orange crystal statue (Vaults:4)
  A spriggan druid (Swamp:3)
  2 lindwurms (Lair:5)
  A shambling mangrove (Swamp:2)
  22 orc knights
  5 wizards
  9 ironbrand convokers
  4 wolf spiders
  2 necromancers
  A wolf spider zombie (D:14)
  6 mana vipers
  7 harpies
  27 ugly things
  7 orc sorcerers
  6 cyclopes
  9 deep elf magi
  13 elephants (Lair:6)
  9 salamanders
  16 guardian serpents
  2 manticores
  2 centaur zombies
  24 black mambas
  14 vault sentinels
  24 naga magi
  Psyche (D:9)
  2 gargoyles
  2 kobold demonologists (D:13)
  2 human zombies (Vaults:4)
  19 spiny frogs
  19 yaktaurs
  An efreet (D:14)
  A rime drake (Lair:6)
  9 komodo dragons
  4 freezing wraiths
  A tengu conjurer (D:14)
  10 tyrant leeches
  10 trolls
  2 jumping spiders
  A polar bear (Lair:5)
  A meliai (shapeshifter) (Vaults:4)
  A troll (shapeshifter) (Vaults:2)
  41 slime creatures
  9 hippogriffs
  9 hornets
  2 human simulacra
  A dream sheep (shapeshifter) (Vaults:5)
  30 blink frogs
  11 bog bodies
  A frost giant simulacrum (Vaults:2)
  A stone giant simulacrum (Vaults:2)
  7 redbacks
  A centaur simulacrum (D:15)
  4 wraiths
  2 tarantellas
  2 wyverns
  31 yaks
  A yak (shapeshifter) (Vaults:4)
  A vampire (D:10)
  3 basilisks
  5 spriggans
  A shadow (D:14)
  A human (D:10)
  3 hungry ghosts
  3 hogs (D:10)
  A human (shapeshifter) (Vaults:3)
  30 vampire mosquitoes
  A steam dragon (Lair:4)
  A deep troll zombie (Vaults:1)
  Menkaure (D:4)
  18 swamp worms
  8 wargs
  8 insubstantial wisps (Swamp:2)
  2 yaktaur simulacra
  14 water moccasins
  An acid dragon (D:14)
  20 soldier ants
  A deep troll skeleton (Vaults:4)
  64 nagas
  13 swamp drakes
  A hornet zombie (D:7)
  16 porcupines
  2 black bears
  3 sky beasts
  54 orc warriors
  2 ettin simulacra
  40 ogres
  An eye of draining (D:12)
  5 boggarts (Vaults:2)
  A human skeleton (Vaults:1)
  5 wolves (Lair:6)
  17 centaurs
  12 crocodiles
  A yaktaur zombie (Vaults:1)
  7 big kobolds
  26 bullfrogs
  A deep troll simulacrum (Vaults:2)
  A yaktaur skeleton (Vaults:1)
  2 wyvern zombies
  A hornet simulacrum (Vaults:1)
  9 killer bees
  8 scorpions
  13 wights
  An elf simulacrum (Vaults:1)
  5 electric eels
  4 howler monkeys
  3 bullfrog zombies
  5 crimson imps
  A quasit (D:9)
  6 centaur skeletons
  22 orc wizards
  2 bullfrog skeletons
  41 orc priests
  3 hounds
  3 jellies
  Jessica (D:3)
  4 iguanas
  A worker ant (shapeshifter) (Vaults:5)
  24 worker ants
  A hound zombie (D:6)
  A hound skeleton (D:11)
  7 gnolls
  22 adders
  6 river rats (Sewer)
  7 shadow imps
  2 oozes (D:1)
  An adder zombie (D:5)
  3 adder skeletons
  2 dart slugs (D:1)
  5 leopard geckos
  130 orcs
  10 bats
  5 giant cockroaches
  10 goblins
  7 hobgoblins
  5 jackals
  46 kobolds
  3 quokkas
  5 ball pythons
  9 frilled lizards
  A leopard gecko zombie (D:7)
  2 quokka skeletons (D:7)
  A quokka zombie (D:9)
  25 rats
  5 briar patches
  3 plants
1705 creatures vanquished.

Vanquished Creatures (collateral kills)
  An ironbrand convoker (Vaults:1)
  An elf simulacrum (Vaults:1)
2 creatures vanquished.

Vanquished Creatures (others)
  A shadow wraith (Vaults:4)
  A rime drake (Lair:5)
  A slime creature (Swamp:4)
  A sky beast (D:11)
  A swamp drake (Swamp:4)
  An orc warrior (Vaults:1)
  2 ogres (Vaults:2)
  A briar patch (Swamp:4)
  13 fungi
  10 plants
  7 toadstools (Lair:5)
39 creatures vanquished.

Grand Total: 1746 creatures vanquished

Notes
Turn   | Place    | Note
-------+----------+-------------------------------------------
     0 | D:1      | Monsterracer the Gargoyle Fighter began the quest for the Orb.
     0 | D:1      | Reached XP level 1. HP: 14/14 MP: 1/1
   115 | D:1      | Reached XP level 2. HP: 14/19 MP: 2/2
   315 | D:1      | Reached skill level 3 in Maces & Flails
   520 | D:1      | Reached XP level 3. HP: 21/23 MP: 3/3
   949 | D:2      | Found a bloodstained altar of Trog.
  1064 | D:2      | Reached skill level 4 in Maces & Flails
  1302 | D:2      | Reached XP level 4. HP: 26/28 MP: 4/4
  1611 | D:3      | Reached skill level 5 in Maces & Flails
  1611 | D:3      | Reached XP level 5. HP: 24/32 MP: 5/5
  1713 | D:3      | Noticed Jessica
  1734 | D:3      | Killed Jessica
  2199 | D:4      | Noticed Menkaure
  2213 | D:4      | Killed Menkaure
  2213 | D:4      | Reached skill level 6 in Maces & Flails
  2213 | D:4      | Reached XP level 6. HP: 20/37 MP: 6/6
  2311 | D:4      | Found a glowing drain.
  2341 | Sewer    | Entered a sewer
  2679 | Sewer    | Reached skill level 7 in Maces & Flails
  2820 | Sewer    | Reached XP level 7. HP: 38/41 MP: 7/7
  2997 | Sewer    | Reached skill level 8 in Maces & Flails
  3278 | D:4      | Reached skill level 1 in Dodging
  3312 | D:4      | Reached XP level 8. HP: 29/46 MP: 8/8
  3496 | D:4      | Got a translucent ring mail
  3507 | D:4      | Identified the +3 ring mail "Zudgh" {Slay+2} (You found it on level 4 of the Dungeon)
  3587 | D:4      | Found an iron altar of Okawaru.
  3639 | D:4      | Became a worshipper of Warmaster Okawaru
  3802 | D:4      | Found a sacrificial altar of Ru.
  4396 | D:5      | Entered Level 5 of the Dungeon
  4716 | D:5      | Reached skill level 9 in Maces & Flails
  5412 | D:6      | Gained mutation: Your magical capacity is low. (-10% MP) [potion of mutation]
  5412 | D:6      | Gained mutation: You are partially covered in yellow scales. (AC +2) [potion of mutation]
  5666 | D:6      | Reached skill level 1 in Invocations
  5805 | D:6      | Reached * piety under Okawaru
  5862 | D:6      | Reached XP level 9. HP: 42/53 MP: 9/9
  6058 | D:6      | Found a shadowy altar of Dithmenos.
  6086 | D:6      | Reached skill level 5 in Fighting
  6435 | D:7      | Got a fine flail
  6436 | D:7      | Identified the cursed +1 flail of Action {flame, *Slow rPois Str+4} (You found it on level 7 of the Dungeon)
  6545 | D:7      | Reached skill level 5 in Armour
  6545 | D:7      | Reached skill level 5 in Shields
  6588 | D:7      | Found a staircase to the Ecumenical Temple.
  6964 | D:7      | Reached skill level 10 in Maces & Flails
  7002 | D:7      | Reached ** piety under Okawaru
  7269 | D:8      | Reached XP level 10. HP: 56/60 MP: 11/11
  7304 | D:8      | Found a glowing golden altar of the Shining One.
  7510 | D:8      | Found a blossoming altar of Fedhas.
  7982 | D:9      | Reached *** piety under Okawaru
  8131 | D:9      | Noticed Psyche
  8141 | D:9      | Killed Psyche
  8484 | D:9      | Reached skill level 11 in Maces & Flails
  9018 | D:10     | Entered Level 10 of the Dungeon
  9068 | D:10     | Found a staircase to the Lair.
  9105 | D:10     | Reached **** piety under Okawaru
  9349 | D:10     | Found a staircase to the Orcish Mines.
  9893 | D:10     | Reached XP level 11. HP: 60/66 MP: 11/13
  9904 | D:10     | Reached skill level 5 in Invocations
 10367 | Lair:1   | Entered Level 1 of the Lair of Beasts
 10412 | Lair:1   | Reached ***** piety under Okawaru
 10832 | Lair:1   | Learned a level 1 spell: Apportation
 10926 | Lair:1   | Received a gift from Okawaru
 10926 | Lair:1   | Reached skill level 12 in Maces & Flails
 11657 | Lair:1   | Found a blossoming altar of Fedhas.
 11678 | Lair:1   | Noticed an oklob plant
 11970 | Lair:2   | Noticed a five-headed hydra
 11979 | Lair:2   | Killed a five-headed hydra
 12125 | Lair:2   | Reached skill level 5 in Dodging
 12384 | Lair:2   | Found a burning altar of Makhleb.
 12597 | Lair:2   | Noticed an oklob plant
 12597 | Lair:2   | Noticed an oklob plant
 12600 | Lair:2   | Noticed an oklob plant
 12712 | Lair:2   | Noticed an oklob plant
 12751 | Lair:2   | Reached XP level 12. HP: 73/73 MP: 13/15
 12940 | Lair:3   | Found a shattered altar of Ashenzari.
 13033 | Lair:3   | Received a gift from Okawaru
 13374 | Lair:3   | Found a staircase to the Swamp.
 13967 | Lair:4   | Reached ****** piety under Okawaru
 14136 | Lair:4   | Found a staircase to the Snake Pit.
 14155 | Lair:4   | Received a gift from Okawaru
 14587 | Lair:5   | Noticed a six-headed hydra
 14594 | Lair:5   | Killed a six-headed hydra
 14594 | Lair:5   | Reached skill level 13 in Maces & Flails
 14697 | Lair:5   | Noticed a seven-headed hydra
 14704 | Lair:5   | Noticed a death yak
 14706 | Lair:5   | Killed a seven-headed hydra
 14723 | Lair:5   | Killed a death yak
 14790 | Lair:4   | Noticed a four-headed hydra
 14924 | Lair:4   | Killed a four-headed hydra
 14924 | Lair:4   | Reached XP level 13. HP: 55/80 MP: 13/16
 15309 | Lair:5   | Found a runed door.
 15806 | Lair:5   | Found a runed door.
 15806 | Lair:5   | Found a viscous altar of Jiyva.
 15806 | Lair:5   | Found a staircase to the Slime Pits.
 15806 | Lair:5   | Noticed an acid blob
 15806 | Lair:5   | Noticed an acid blob
 15806 | Lair:5   | Noticed an acid blob
 16054 | Lair:6   | Entered Level 6 of the Lair of Beasts
 16076 | Lair:6   | Received a gift from Okawaru
 16468 | Lair:6   | Reached skill level 14 in Maces & Flails
 16714 | Lair:6   | Received a gift from Okawaru
 17086 | Lair:6   | Reached skill level 10 in Shields
 17254 | Lair:6   | Reached skill level 10 in Fighting
 17311 | Lair:6   | Reached skill level 10 in Armour
 17311 | Lair:6   | Gained mutation: Your large and strong wings let you fly indefinitely. [Gargoyle growth]
 17311 | Lair:6   | Reached XP level 14. HP: 73/88 MP: 18/18
 17318 | Lair:6   | Noticed a dire elephant
 17318 | Lair:6   | Noticed a dire elephant
 17334 | Lair:6   | Noticed a dire elephant
 17350 | Lair:6   | Killed a dire elephant
 17370 | Lair:6   | Killed a dire elephant
 17378 | Lair:6   | Killed a dire elephant
 17936 | Lair:6   | Received a gift from Okawaru
 17945 | Lair:6   | Got a pair of distressingly furry boots {god gift}
 17956 | Lair:6   | Identified the +2 pair of boots "Erruowat" {rF+++ Regen+ Dex-3} (Okawaru gifted it to you on level 6 of the Lair of Beasts)
 18032 | Lair:6   | Noticed a dire elephant
 18042 | Lair:6   | Killed a dire elephant
 18056 | Lair:6   | Noticed a dire elephant
 18079 | Lair:6   | Killed a dire elephant
 18079 | Lair:6   | Reached skill level 15 in Maces & Flails
 18370 | Orc:1    | Entered Level 1 of the Orcish Mines
 18375 | Orc:1    | Noticed an orc warlord
 18380 | Orc:1    | Paralysed by an orc sorcerer for 5 turns
 18495 | D:10     | Killed an orc warlord
 18679 | Orc:1    | Found Tileguce's Book Shop.
 18681 | Orc:1    | Noticed an orc warlord
 18710 | Orc:1    | Killed an orc warlord
 18976 | Orc:2    | Entered Level 2 of the Orcish Mines
 19245 | Orc:2    | Received a gift from Okawaru
 19406 | Orc:2    | Found a roughly hewn altar of Beogh.
 19511 | Orc:2    | Found Ridoat's Distillery.
 19524 | Orc:2    | Bought a potion of mutation for 88 gold pieces
 19524 | Orc:2    | Bought a potion of heal wounds for 55 gold pieces
 19524 | Orc:2    | Bought a potion of heal wounds for 55 gold pieces
 19524 | Orc:2    | Bought a potion of might for 44 gold pieces
 19524 | Orc:2    | Bought a potion of might for 44 gold pieces
 19524 | Orc:2    | Bought a potion of heal wounds for 55 gold pieces
 19524 | Orc:2    | Bought a potion of cancellation for 88 gold pieces
 19530 | Orc:2    | Found Anobaj's Weapon Shop.
 19970 | Orc:2    | Reached XP level 15. HP: 94/94 MP: 18/18
 19982 | Orc:2    | Found a staircase to the Elven Halls.
 20040 | Orc:2    | Received a gift from Okawaru
 20047 | Orc:2    | Paralysed by an orc sorcerer for 4 turns
 20068 | Orc:2    | Got a crude morningstar {god gift}
 20069 | Orc:2    | Identified the +8 morningstar of Okawaru's Supremacy {antimagic, rC+++ MR- MP+9 Str-3} (Okawaru gifted it to you on level 2 of the Orcish Mines)
 20226 | Orc:2    | Noticed Saint Roka
 20283 | Orc:2    | Killed Saint Roka
 20400 | Orc:2    | Found Erphuguo's General Store.
 20529 | Orc:2    | Found a roughly hewn altar of Beogh.
 20638 | Orc:2    | Found Nilaex's Gadget Boutique.
 21284 | D:11     | Found an opulent altar of Gozag.
 21344 | D:11     | Received a gift from Okawaru
 21347 | D:11     | Got an ichor-stained dire flail {god gift}
 21348 | D:11     | Identified the +2 dire flail of the Postmodern Friends {elec, rC+ rN++ Stlth-} (Okawaru gifted it to you on level 11 of the Dungeon)
 21536 | D:11     | Reached skill level 16 in Maces & Flails
 22290 | D:12     | Received a gift from Okawaru
 22347 | D:12     | Learned a level 1 spell: Summon Butterflies
 23072 | D:13     | Found a gate to the Vaults.
 23289 | D:13     | Received a gift from Okawaru
 23523 | D:14     | Reached XP level 16. HP: 101/101 MP: 19/19
 23680 | D:15     | Entered Level 15 of the Dungeon
 24433 | D:15     | Got a translucent ring mail
 24434 | D:15     | Identified the +4 ring mail "Udoase" {-Tele +Fly Int+4} (You found it on level 15 of the Dungeon)
 24467 | D:15     | Noticed Sonja
 24557 | D:15     | Found an opulent altar of Gozag.
 24602 | D:15     | Killed Sonja
 24681 | D:15     | Found Bantolel's Antique Armour Shop.
 24689 | D:15     | Bought a pair of gloves for 81 gold pieces
 24735 | D:15     | Found a staircase to the Depths.
 25147 | Swamp:1  | Entered Level 1 of the Swamp
 25904 | Swamp:2  | Received a gift from Okawaru
 25904 | Swamp:2  | Reached skill level 10 in Dodging
 26660 | Swamp:3  | Received a gift from Okawaru
 27163 | Swamp:3  | Noticed a thorn hunter
 27174 | Swamp:3  | Killed a thorn hunter
 27289 | Swamp:4  | Entered Level 4 of the Swamp
 27306 | Swamp:4  | Noticed a thorn hunter
 27534 | Swamp:3  | Reached XP level 17. HP: 109/109 MP: 20/20
 27769 | Swamp:4  | Received a gift from Okawaru
 27861 | Swamp:4  | Received a gift from Okawaru
 27888 | Swamp:4  | Identified the +6 great mace "Joboip" {crush, +Blink Str+4} (Okawaru gifted it to you on level 4 of the Swamp)
 28003 | Swamp:4  | Got a decaying rune of Zot
 28452 | Swamp:4  | Received a gift from Okawaru
 28468 | Swamp:4  | Learned a level 8 spell: Controlled Blink
 28863 | Snake:1  | Entered Level 1 of the Snake Pit
 29173 | Snake:1  | Identified the +4 great mace "Zauss" {antimagic, rPois MR+} (You found it on level 1 of the Snake Pit)
 29947 | Snake:2  | Noticed Louise
 29986 | Snake:2  | Killed Louise
 30065 | Snake:2  | Reached XP level 18. HP: 116/116 MP: 21/21
 30229 | Snake:2  | Received a gift from Okawaru
 30243 | Snake:2  | Got a dazzling scale mail {god gift}
 30244 | Snake:2  | Identified the +4 scale mail of Feasting {-Tele rC- Int+8 Dex+7} (Okawaru gifted it to you on level 2 of the Snake Pit)
 30302 | Snake:2  | Noticed Jorgrun
 30312 | Snake:2  | Killed Jorgrun
 30666 | Snake:2  | Noticed Vashnia
 30808 | Snake:2  | Killed Vashnia
 30808 | Snake:2  | Reached skill level 15 in Armour
 30808 | Snake:2  | Reached skill level 15 in Shields
 30881 | Snake:2  | Found a basalt altar of Yredelemnul.
 31186 | Snake:2  | Noticed Aizul
 31206 | Snake:2  | Killed Aizul
 31619 | Snake:2  | Received a gift from Okawaru
 32216 | Snake:3  | Found Ighopp's Gadget Boutique.
 32216 | Snake:3  | Found Erist's Weapon Shop.
 32230 | Snake:3  | Bought the +5 dire flail "Peabrus" {flame, MR++} for 666 gold pieces
 32534 | Snake:4  | Entered Level 4 of the Snake Pit
 32982 | Snake:4  | Noticed Asterion
 32994 | Snake:4  | Killed Asterion
 32994 | Snake:4  | Reached skill level 15 in Fighting
 33445 | Snake:4  | Reached XP level 19. HP: 103/124 MP: 22/22
 33496 | Snake:4  | Received a gift from Okawaru
 33680 | Snake:4  | Got a serpentine rune of Zot
 33896 | Snake:4  | Reached skill level 17 in Maces & Flails
 34007 | Snake:4  | Received a gift from Okawaru
 34936 | Vaults:1 | Entered Level 1 of the Vaults
 34966 | Vaults:1 | Found Domauv's General Store.
 34985 | Vaults:1 | Bought a potion of heal wounds for 70 gold pieces
 34985 | Vaults:1 | Bought a potion of haste for 140 gold pieces
 35639 | Vaults:1 | Found Veocosil's Antique Weapon Shoppe.
 36136 | Vaults:1 | Received a gift from Okawaru
 36603 | Vaults:1 | Reached XP level 20. HP: 130/131 MP: 7/23
 37208 | Vaults:1 | Received a gift from Okawaru
 37226 | Vaults:1 | Got a crude ring mail {god gift}
 37237 | Vaults:1 | Identified the +6 ring mail "Oceoseul" {+Inv MR- Int+5} (Okawaru gifted it to you on level 1 of the Vaults)
 37910 | Vaults:2 | Found a staircase to the Crypt.
 37910 | Vaults:2 | Found a basalt altar of Yredelemnul.
 37911 | Vaults:2 | Found an ancient bone altar of Kikubaaqudgha.
 38305 | Vaults:2 | Reached skill level 18 in Maces & Flails
 38781 | Vaults:2 | Received a gift from Okawaru
 39958 | Vaults:3 | Noticed Nikola
 40007 | Vaults:3 | Killed Nikola
 40007 | Vaults:3 | Received a gift from Okawaru
 40026 | Vaults:3 | Reached XP level 21. HP: 57/137 MP: 1/24
 40405 | Vaults:3 | Received a gift from Okawaru
 40662 | Vaults:3 | Reached skill level 19 in Maces & Flails
 40787 | Vaults:3 | Received a gift from Okawaru
 41337 | Vaults:3 | Gained mutation: You occasionally shout uncontrollably at your foes. [mutagenic glow]
 41392 | Vaults:3 | Gained mutation: You do not regenerate when monsters are visible. [mutagenic glow]
 41421 | Vaults:3 | Gained mutation: You are occasionally teleported next to monsters. [mutagenic glow]
 41422 | Vaults:3 | Lost mutation: You occasionally shout uncontrollably at your foes. [potion of mutation]
 41422 | Vaults:3 | Lost mutation: Your magical capacity is low. (-10% MP) [potion of mutation]
 41422 | Vaults:3 | Lost mutation: You are partially covered in yellow scales. (AC +2) [potion of mutation]
 41422 | Vaults:3 | Gained mutation: Armour fits poorly on your strangely shaped body. [potion of mutation]
 41422 | Vaults:3 | Gained mutation: You are partially covered in iridescent scales. (AC +2) [potion of mutation]
 41423 | Vaults:3 | Lost mutation: You do not regenerate when monsters are visible. [potion of mutation]
 41423 | Vaults:3 | Lost mutation: Armour fits poorly on your strangely shaped body. [potion of mutation]
 41423 | Vaults:3 | Lost mutation: You are occasionally teleported next to monsters. [potion of mutation]
 41423 | Vaults:3 | Lost mutation: You are partially covered in iridescent scales. (AC +2) [potion of mutation]
 41423 | Vaults:3 | Gained mutation: Your body sometimes deteriorates upon taking damage. [potion of mutation]
 41423 | Vaults:3 | Gained mutation: You passively map a small area around you. [potion of mutation]
 41423 | Vaults:3 | Lost mutation: Your body sometimes deteriorates upon taking damage. [potion of mutation]
 41423 | Vaults:3 | Gained mutation: You are partially covered in rugged brown scales. (AC +1, +3% HP) [potion of mutation]
 41456 | Vaults:3 | Gained mutation: Your spells are a little easier to cast, but a little less powerful. [mutagenic glow]
 41500 | Vaults:3 | Gained mutation: You tend to lose your temper in combat. [mutagenic glow]
 41554 | Vaults:3 | Gained mutation: You are partially covered in molten scales. (AC +2) [mutagenic glow]
 42067 | Vaults:4 | Found a gateway to a bazaar.
 42102 | Bazaar   | Entered a bazaar
 42102 | Bazaar   | Found Dumop's Weapon Emporium.
 42102 | Bazaar   | Found Umimorch's Book Shop.
 42102 | Bazaar   | Found Dograefo's Distillery.
 42102 | Bazaar   | Found Yvamaw's Antique Weapon Shop.
 42104 | Bazaar   | Found Viedio's Gadget Shoppe.
 42104 | Bazaar   | Found Rukhirul's Armour Boutique.
 42129 | Bazaar   | Bought a +0 pair of boots of running for 252 gold pieces
 42137 | Bazaar   | Bought a potion of haste for 100 gold pieces
 42137 | Bazaar   | Bought a potion of might for 40 gold pieces
 42137 | Bazaar   | Bought 2 potions of heal wounds for 100 gold pieces
 42137 | Bazaar   | Bought a potion of berserk rage for 50 gold pieces
 42645 | Vaults:4 | Identified the +6 scale mail of Parts Unknown {rCorr Str+4 Stlth+} (You found it on level 4 of the Vaults)
 42806 | Vaults:4 | HP: 7/144 [two-headed ogre/giant club (14)]
 43419 | Vaults:4 | Reached XP level 22. HP: 129/149 MP: 12/28
 43753 | Vaults:5 | Entered Level 5 of the Vaults
 43825 | Vaults:5 | Noticed a golden dragon
 43838 | Vaults:5 | Received a gift from Okawaru
 44216 | Vaults:5 | Noticed MTVSty1e's ghost (adept GrIE)
 44316 | Vaults:5 | Received a gift from Okawaru
 44505 | Vaults:5 | Noticed braks's ghost (veteran GrAK)
 44584 | Vaults:5 | Slain by braks's ghost

Skill      XL: |  1  2  3  4  5  6  7  8  9 10 11 12 13 14 15 16 17 18 19 20 21 22 |
---------------+-------------------------------------------------------------------+-----
Maces & Flails | 3 4 5 6 7 8 9 10 11 12 13 14 15 16 17 18 19 | 19.9
Dodging        | 1 2 3 4 5 6 7 8 9 10 11 12 13 14 | 14.8
Armour         | 4 5 6 8 10 11 12 13 14 15 16 17 18 | 18.8
Fighting       | 4 5 6 7 8 10 11 12 13 14 15 16 17 18 | 18.1
Shields        | 4 5 6 7 9 10 11 12 13 14 15 16 | 16.2
Invocations    | 1 3 4 6 7 8 |  8.0

Action                   |  1- 3 |  4- 6 |  7- 9 | 10-12 | 13-15 | 16-18 | 19-21 | 22-24 || total
-------------------------+-------+-------+-------+-------+-------+-------+-------+-------++-------
Melee: Flail             |   146 |    43 |   152 |   210 |       |       |       |       ||   551
       Morningstar       |       |   173 |   363 |   326 |       |       |   204 |    11 ||  1077
       Eveningstar       |       |       |       |   191 |  1333 |       |       |       ||  1524
       War axe           |       |       |       |       |     9 |       |       |       ||     9
       Demon whip        |       |       |       |       |   183 |  2183 |   422 |       ||  2788
       Great mace        |       |       |       |       |       |       |  1725 |   440 ||  2165
       Dire flail        |       |       |       |       |       |       |     6 |       ||     6
       Punch             |       |       |       |       |       |       |     2 |       ||     2
Invok: Heroism           |       |       |     1 |    17 |    15 |    13 |    21 |     8 ||    75
       Finesse           |       |       |       |     1 |     7 |    10 |    14 |     5 ||    37
 Abil: Fly               |       |       |       |       |     1 |       |       |       ||     1
Evoke: Wand              |       |       |       |       |       |       |     1 |     1 ||     2
  Use: Potion            |     3 |     1 |     5 |     3 |     3 |     1 |    11 |    11 ||    38
       Scroll            |     3 |     5 |     4 |     9 |     6 |    12 |     8 |     6 ||    53
 Stab: Sleeping          |       |       |     7 |     4 |     4 |     1 |       |       ||    16
       Invisible         |       |       |     1 |       |       |       |       |       ||     1
       Paralysed         |       |       |     1 |       |       |       |       |       ||     1
  Eat: Chunk             |     1 |     4 |    13 |    25 |    29 |    33 |    36 |     3 ||   144
       Bread ration      |       |       |     1 |       |       |       |       |       ||     1
Armor: Scale mail        |   101 |   152 |    75 |       |       |       |   605 |   239 ||  1172
       Ring mail         |       |       |   177 |   275 |   480 |    37 |       |       ||   969
       Plate armour      |       |       |       |       |       |   863 |   152 |       ||  1015
       Crystal plate arm |       |       |       |       |       |       |   638 |       ||   638
Dodge: Dodged            |    66 |    79 |   184 |   279 |   569 |   562 |  1286 |   236 ||  3261
Block: Shield            |    90 |   143 |   283 |   343 |   824 |   844 |       |       ||  2527
       Large shield      |       |       |       |       |       |   368 |   406 |       ||   774
